 Dungeon Crawl Stone Soup version 0.27-a0-1137-g3ef0f4ec91 (webtiles) character file.

Game seed: 16342769271178337847

4644 Zeld the Frost Mage (level 10, -17/63 HPs)
             Began as an Octopode Ice Elementalist on May 6, 2021.
             Was an Initiate of Sif Muna.
             Demolished by a shadow (35 damage)
             ... on level 8 of the Dungeon.
             The game lasted 00:32:33 (17468 turns).

Zeld the Frost Mage (Octopode Ice Elementalist)    Turns: 17468, Time: 00:32:33

Health: -17/63     AC:  5    Str:  7    XL:     10   Next: 43%
Magic:  12/16      EV: 29    Int: 21    God:    Sif Muna [......]
Gold:   2776       SH:  0    Dex: 13    Spells: 2/17 levels left

rFire    + . .     SeeInvis .   (no weapon)
rCold    + + .     Faith    .   (no shield)
rNeg     . . .     Spirit   .   (helmet restricted)
rPois    .         Reflect  .   t - amulet of the acrobat
rElec    .         Harm     .   u - +4 ring of protection
rCorr    .         Rampage  .   v - ring of flight
Will     .....                  D - ring of protection from cold
Stlth    +++.......             H - ring of protection from cold
HPRegen  0.20/turn              e - ring of protection from fire
MPRegen  0.15/turn              (no ring)
                                (no ring)
                                (no ring)

@: acrobatic, flying, studying Throwing
A: almost no armour, amphibious, 8 rings, camouflage 1, gelatinous body 1,
(nimble swimmer 1), tentacles
a: Renounce Religion


You were on level 8 of the Dungeon.
You worshipped Sif Muna.
Sif Muna was noncommittal.
You visited 2 branches of the dungeon, and saw 10 of its levels.
You also visited: Sewer.

You collected 2776 gold pieces.

Inventory:

Jewellery
 e - a ring of protection from fire (on tentacle)
 t - an amulet of the acrobat (around mantle)
 u - a +4 ring of protection (left tentacle)
 v - a ring of flight (right tentacle)
 D - a ring of protection from cold (on tentacle)
 H - a ring of protection from cold (on tentacle)
Wands
 s - a wand of iceblast (7)
 A - a wand of polymorph (7)
Scrolls
 a - a scroll of brand weapon
 d - 2 scrolls of amnesia
 j - a scroll of blinking
 m - 2 scrolls of teleportation
 x - 2 scrolls of enchant armour
 y - a scroll of magic mapping
 z - 2 scrolls of enchant weapon
 E - 3 scrolls of fear {unknown}
Potions
 b - a potion of mutation {unknown}
 c - a potion of might {unknown}
 f - 3 potions of degeneration {unknown}
 g - 2 potions of berserk rage {unknown}
 i - 4 potions of curing {unknown}
 l - 5 potions of flight {unknown}
 n - 2 potions of heal wounds {unknown}
 o - 2 potions of brilliance {unknown}
 p - a potion of magic {unknown}
 w - a potion of resistance {unknown}
 F - a potion of haste
 G - a potion of attraction {unknown}


   Skills:
 - Level 4.0 Fighting
 - Level 4.6 Dodging
 - Level 2.6 Stealth
 - Level 4.3 Spellcasting
 - Level 6.0 Conjurations
 + Level 5.4 Summonings
 * Level 10.7 Ice Magic


You had 2 spell levels left.
You knew the following spells:

 Your Spells              Type           Power      Damage    Failure   Level
a - Freeze                Ice            100%       1d11      1%          1
b - Frozen Ramparts       Ice            98%        1d11      1%          3
c - Ozocubu's Armour      Ice            49%        N/A       1%          3
d - Hailstorm             Conj/Ice       39%        3d9       3%          4
e - Summon Ice Beast      Ice/Summ       38%        N/A       4%          4

Your spell library contained the following spells:

 Spells                   Type           Power      Damage    Failure   Level
 Summon Small Mammal      Summ           100%       N/A       1%          1
 Call Imp                 Summ           27%        N/A       1%          2
 Ensorcelled Hibernation  Hex/Ice        54%        N/A       1%          2
 Foxfire                  Conj/Fire      68%        2x1d7     3%          1
 Shock                    Conj/Air       68%        1d7       3%          1
 Static Discharge         Conj/Air       17%        N/A       4%          2
 Corona                   Hex            4%         N/A       12%         1
 Sandblast                Erth           8%         2d5       12%         1
 Call Canine Familiar     Summ           27%        N/A       3%          3
 Conjure Flame            Conj/Fire      17%        6-21      10%         3
 Dazzling Flash           Conj/Hex       34%        N/A       10%         3
 Summon Guardian Golem    Hex/Summ       16%        N/A       12%         3
 Sticky Flame             Conj/Fire      17%        2d4       32%         4
 Confusing Touch          Hex            4%         N/A       34%         3
 Inner Flame              Hex/Fire       4%         N/A       34%         3
 Swiftness                Air            4%         N/A       34%         3
 Tukima's Dance           Hex            4%         N/A       34%         3
 Metabolic Englaciation   Hex/Ice        13%        N/A       34%         5
 Summon Lightning Spire   Summ/Air       16%        N/A       36%         4
 Fireball                 Conj/Fire      8%         3d6       67%         5
 Lightning Bolt           Conj/Air       8%         1d21      67%         5
 Airstrike                Air            2%         N/A       75%         4


Dungeon Overview and Level Annotations

Branches:
Dungeon (9/15)             Temple (1/1) D:6           Sewer (visited)
   Lair: D:8-11         Orc: D:9-12

Altars:
Ashenzari
Cheibriados
Elyvilon
Gozag
Hepliaklqana
Kikubaaqudgha
Makhleb
Nemelex Xobeh
Okawaru
Ru
Sif Muna
Trog
Uskayaw
Xom
Yredelemnul
Zin
The Shining One

Shops:
D:9 *

Annotations:
D:4 1 runed translucent door, barkas's ghost, amateur DsTm


Innate Abilities, Weirdness & Mutations

You cannot wear most types of armour.
You are amphibious.
You can wear up to eight rings at the same time.
Your skin changes colour to match your surroundings (Stealth+).
Your rubbery body absorbs attacks. (AC +1, EV +1)
((You are camouflaged near water. (Stealth+)))
You have tentacles for arms and can constrict up to eight enemies at once.


Message History

Casting: Frozen Ramparts (safe; 1% risk of failure)
Confirm with . or Enter, or press ? or * to list all spells.
Aiming: Freeze (safe; 1% risk of failure)
Press: ? - help, Shift-Dir - straight line, f - shadow
Aim: a shadow You freeze the shadow but do no damage.
The shadow completely resists. x2
The wall freezes the shadow but does no damage.
The shadow hits you!
Unknown command.
Casting: Freeze (safe; 1% risk of failure)
Confirm with . or Enter, or press ? or * to list all spells.
Aiming: Freeze (safe; 1% risk of failure)
Press: ? - help, Shift-Dir - straight line, f/p - shadow
Aim: a shadow You freeze the shadow but do no damage.
The shadow completely resists. x2
The wall freezes the shadow but does no damage.
The shadow hits you.
* * * LOW HITPOINT WARNING * * *
Your frozen ramparts will break if you move.
Continue? [Y]es or [N]o only, please.
Your frozen ramparts will break if you move.
Continue? [Y]es or [N]o only, please.
Your frozen ramparts will break if you move.
Continue?
Okay, then.
Your frozen ramparts will break if you move.
Continue?
The frozen ramparts melt away as you move.
The shadow completely misses you.
Found an escape hatch in the floor.
There is an escape hatch in the ceiling here.
The shadow slips into darkness.
The shadow flickers and vanishes!
Deactivating autopickup; reactivate with Ctrl-A.
A mysterious force pulls you upwards. The hatch slams shut behind you.
Reactivating autopickup.
There is a strange disturbance nearby!
Unknown command.
Okay, then.
The shadow strikes at you from the darkness!
Ouch! That really hurt!
You die...

#### ####.#.##..# ...#
#....#.#...# ...#
#.####.#..######
...#####.####.........#
...'..........#..####.###########
...#####.####.#..##.............#
#+######.####.#..####.##.######.#
#.# #.............# #.##.# #.#
..###.##.#####.#@####.##.# #.#
#......#.......{.........# #.#
....#..#............#.#########.#
...##.....[......................
...............#^######.#########
...........[...#.# #.#
#......#.....#.#.######.#
...................>....#
.#####.#...###.#.########


There were no monsters in sight!

Vanquished Creatures
  A two-headed ogre (D:7)
  2 cyclopes
  A kobold demonologist (D:5)
  A wyvern (D:8)
  A steam dragon (D:6)
  A water moccasin (D:6)
  An ice beast (D:6)
  2 orc warriors
  2 necrophages
  3 ogres
  A centaur (D:7)
  The ghost of MisterAzrael the Gusty, an amateur DEAE (D:3)
  A kobold brigand (Sewer)
  A bullfrog (D:8)
  2 scorpions (D:6)
  2 wyvern skeletons
  A water moccasin skeleton (D:3)
  An electric eel (D:7)
  3 jellies
  A centaur zombie (D:8)
  2 bullfrog zombies
  Crazy Yiuf (D:7)
  A centaur skeleton (D:7)
  2 orc priests
  A bullfrog skeleton (D:5)
  4 hounds (D:5)
  2 iguanas (D:6)
  3 orc wizards (D:5)
  2 howler monkey zombies
  4 gnolls
  2 river rats (D:3)
  9 adders
  A shadow imp (D:8)
  A white imp (D:6)
  2 ufetubi
  An adder skeleton (D:4)
  3 worms
  2 dart slugs (D:1)
  21 orcs
  9 bats
  14 endoplasms
  2 giant cockroaches (D:3)
  11 goblins
  8 hobgoblins
  5 jackals (D:3)
  4 quokkas
  12 ball pythons
  2 frilled lizards (D:1)
  22 kobolds
  8 rats
190 creatures vanquished.

Vanquished Creatures (collateral kills)
  A two-headed ogre (D:7)
  A steam dragon (D:8)
  An ice beast (D:7)
  A centaur zombie (D:5)
4 creatures vanquished.

Vanquished Creatures (others)
  8 fungi (D:2)
  17 plants (D:7)
  7 toadstools (D:2)
32 creatures vanquished.

Grand Total: 226 creatures vanquished

Notes
Turn   | Place    | Note
-------+----------+-------------------------------------------
     0 | D:1      | Zeld the Octopode Ice Elementalist began the quest for the
                  | Orb.
     0 | D:1      | Reached XP level 1. HP: 11/11 MP: 3/3
   244 | D:1      | Reached XP level 2. HP: 18/18 MP: 3/5
  1016 | D:1      | Reached XP level 3. HP: 22/22 MP: 3/6
  1151 | D:1      | Reached skill level 1 in Fighting
  1159 | D:1      | Learned a level 3 spell: Frozen Ramparts
  1493 | D:2      | Reached XP level 4. HP: 28/28 MP: 1/7
  1497 | D:2      | Learned a level 3 spell: Ozocubu's Armour
  2855 | D:2      | Reached skill level 5 in Ice Magic
  2855 | D:2      | Reached XP level 5. HP: 22/34 MP: 0/9
  3528 | D:3      | Found a runed translucent door.
  3533 | D:3      | Noticed MisterAzrael's ghost (amateur DEAE)
  3625 | D:3      | Found a glowing drain.
  3732 | Sewer    | Entered a sewer
  4321 | Sewer    | Reached XP level 6. HP: 22/39 MP: 6/10
  5540 | D:3      | Learned a level 4 spell: Hailstorm
  5950 | D:3      | Killed MisterAzrael's ghost
  5951 | D:3      | Reached skill level 6 in Ice Magic
  5951 | D:3      | Reached XP level 7. HP: 39/45 MP: 4/12
  6434 | D:4      | Reached skill level 1 in Conjurations
  6845 | D:4      | You are sucked into a shaft and drop 2 floors!
  7193 | D:6      | Found a staircase to the Ecumenical Temple.
  7199 | Temple   | Entered the Ecumenical Temple
  7537 | D:6      | Reached XP level 8. HP: 19/52 MP: 1/13
  9051 | D:5      | Entered Level 5 of the Dungeon
  9272 | D:4      | Found a runed translucent door.
  9277 | D:4      | Noticed barkas's ghost (amateur DsTm)
 10175 | D:5      | Reached skill level 7 in Ice Magic
 10874 | D:5      | Found a shimmering blue altar of Sif Muna.
 10882 | D:5      | Became a worshipper of Sif Muna the Loreminder
 10891 | D:5      | Identified Sif Muna's Reference Book on the Rocks
 11223 | D:5      | Learned a level 4 spell: Summon Ice Beast
 11662 | D:5      | Identified 2 scrolls of acquirement
 11677 | D:5      | Acquired 1205 gold pieces
 11681 | D:5      | Acquired 1041 gold pieces
 11701 | D:6      | Reached skill level 1 in Summonings
 12270 | D:6      | Reached skill level 8 in Ice Magic
 12270 | D:6      | Reached XP level 9. HP: 16/58 MP: 0/15
 12702 | D:6      | Noticed a cyclops
 13001 | D:6      | Noticed a kobold demonologist
 13200 | D:5      | Killed a kobold demonologist
 13289 | D:6      | Killed a cyclops
 13290 | D:6      | Reached skill level 9 in Ice Magic
 13709 | D:7      | Noticed a two-headed ogre
 13729 | D:7      | Killed a two-headed ogre
 13739 | D:7      | Reached skill level 5 in Conjurations
 14468 | D:7      | Noticed a cyclops
 14488 | D:7      | Killed a cyclops
 14636 | D:7      | Reached XP level 10. HP: 63/63 MP: 5/16
 14734 | D:7      | Reached skill level 10 in Ice Magic
 14752 | D:7      | Found a white marble altar of Elyvilon.
 15041 | D:7      | Found a runed translucent door.
 15042 | D:7      | Noticed Crazy Yiuf
 15087 | D:7      | Found a sacrificial altar of Ru.
 15245 | D:7      | Found a snail-covered altar of Cheibriados.
 15508 | D:7      | Noticed a two-headed ogre
 15515 | D:7      | Killed a two-headed ogre
 15516 | D:7      | Reached skill level 5 in Summonings
 16028 | D:7      | Killed Crazy Yiuf
 16279 | D:7      | Found a hide-covered altar of Uskayaw.
 17337 | D:8      | Learned a level 2 spell: Ensorcelled Hibernation
 17450 | D:9      | Found Limaki's General Store.
 17468 | D:8      | Demolished by a shadow

Illustrated notes

Levels and vault maps discovered:
D:1:      heliophobic_arrival_glass_houses, layout_basic, grunt_decor_fettered,
          minmay_unequal
D:2:      cheibrodos_fertilizer, layout_basic
D:3:      layout_rooms, ebering_ghost_sewer_d, portal_sewer_entry_b,
          minmay_joined_circles
D:4:      layout_basic, ebering_ghost_reflecting_pool
D:5:      layout_loops_cross, led_sif_book, kennysheep_crisscross,
          columned_hall_lemuel, minivault_25
D:6:      minmay_chambers_of_sixes, layout_cave_pods, minmay_temple_entry_arrows
D:7:      layout_rooms, kennysheep_mini_moat, nicolae_overflow_hidden_temple,
          lemuel_doored_altar, nicolae_elyvilon_temple_path,
          minmay_manual_mullet, uniq_crazy_yiuf_cottage
D:8:      layout_basic
D:9:      layout_big_octagon, orc_0_dummy, serial_shops, shop, uniq_pikel
Temple:   nicolae_temple_x_marks_the_god

Skill      XL: |  1  2  3  4  5  6  7  8  9 10 |
---------------+-------------------------------+-----
Fighting       | 1 2 3 4 |  4.0
Ice Magic      | 5 6 8 9 10 | 10.7
Dodging        | 3 4 |  4.6
Spellcasting   | 3 4 |  4.3
Conjurations   | 1 3 5 6 |  6.0
Summonings     | 2 4 5 |  5.4
Stealth        | |  2.6

Action                   |  1- 3 |  4- 6 |  7- 9 | 10-12 || total
-------------------------+-------+-------+-------+-------++-------
Melee: Unarmed           |     5 |    10 |   101 |    64 ||   180
       Constrict         |     3 |     1 |     8 |     2 ||    14
       Tentacles         |     1 |     2 |    18 |    10 ||    31
 Cast: Freeze            |    44 |    99 |   120 |    33 ||   296
       Frozen Ramparts   |     1 |    20 |    29 |    15 ||    65
       Ozocubu's Armour  |       |     2 |     1 |     1 ||     4
       Hailstorm         |       |       |     6 |     4 ||    10
       Summon Ice Beast  |       |       |     8 |     3 ||    11
Evoke: Wand              |       |       |     9 |       ||     9
  Use: Scroll            |       |       |    12 |     3 ||    15
 Stab: Distracted        |       |       |     2 |       ||     2
Armor: Skin              |     2 |     9 |    40 |    31 ||    82
Dodge: Dodged            |    19 |    87 |   181 |    83 ||   370

Table legend: (Time is in decaauts)
 A = Elapsed time spent in this place.
 B = Non-inter-level travel time spent in this place.
 C = Inter-level travel time spent in this place.
 D = Time resting spent in this place.
 E = Time spent auto-exploring this place.
 F = Levels seen in this place.
 G = Mean time per level.
                   A        B        C        D        E       F      G
               +--------+--------+--------+--------+--------+-----+--------+
         Total |  17455 |  16981 |    474 |   7104 |   7762 |  11 | 1586.8 |
       Dungeon |  15975 |  15508 |    467 |   6382 |   7227 |   9 | 1775.0 |
        Temple |     86 |     79 |      7 |      0 |     23 |   1 |   86.0 |
         Sewer |   1392 |   1392 |      0 |    722 |    512 |   1 | 1392.0 |
               +--------+--------+--------+--------+--------+-----+--------+

Top non-repeatable levels by time:
     D:7: 3377 daAuts
     D:6: 3292 daAuts
     D:2: 2212 daAuts
     D:5: 1762 daAuts
     D:4: 1599 daAuts
   Sewer: 1392 daAuts
     D:3: 1368 daAuts
     D:1: 1263 daAuts
     D:8: 1060 daAuts
  Temple: 86 daAuts
     D:9: 39 daAuts
